 Dungeon Crawl Stone Soup version 0.27.1-33-g824d729ab1 (webtiles) character file.

Game seed: 7211253623910424035

284 McKennaii the Magician (level 5, -4/38 HPs)
             Began as a Demigod Conjurer on Dec 14, 2021.
             Slain by Pikel (9 damage)
             ... on level 5 of the Dungeon.
             The game lasted 00:02:48 (3152 turns).

McKennaii the Magician (Demigod Conjurer)           Turns: 3152, Time: 00:02:49

Health: -4/38      AC:  2    Str:  8    XL:     5   Next: 78%
Magic:  3/16       EV: 12    Int: 24    God:
Gold:   133        SH:  0    Dex: 12    Spells: 11/14 levels left

rFire    . . .     SeeInvis .   (no weapon)
rCold    . . .     Faith    .   (no shield)
rNeg     . . .     Spirit   .   a - +0 robe
rPois    .         Reflect  .   (no helmet)
rElec    .         Harm     .   (no cloak)
rCorr    .         Rampage  .   (no gloves)
Will     .....                  (no boots)
Stlth    ++........             (no amulet)
HPRegen  0.12/turn              (no ring)
MPRegen  0.15/turn              (no ring)

@: no status effects
A: high mp 1, forlorn
a: no special abilities


You were on level 5 of the Dungeon.
You visited 1 branch of the dungeon, and saw 6 of its levels.

You collected 133 gold pieces.

Inventory:

Armour
 a - a +0 robe (worn)
Scrolls
 c - a scroll of immolation {unknown}
 d - 2 scrolls of identify {unknown}
 e - a scroll of teleportation {unknown}
 f - a scroll of noise {unknown}
 h - a scroll of enchant armour {unknown}
 i - a scroll of fear {unknown}
 j - a scroll of fog {unknown}
Potions
 b - a potion of heal wounds {unknown}
 g - a potion of magic {unknown}
 k - a potion of might {unknown}
 l - 2 potions of curing {unknown}
 m - a potion of mutation {unknown}


   Skills:
 - Level 1.7 Dodging
 - Level 1.7 Stealth
 + Level 5.4 Spellcasting
 - Level 3.6 Conjurations


You had 11 spell levels left.
You knew the following spells:

 Your Spells              Type           Power      Damage    Failure   Level
a - Magic Dart            Conj           92%        1d7       1%          1
b - Searing Ray           Conj           46%        3d4       3%          2

Your spell library contained the following spells:

 Spells                   Type           Power      Damage    Failure   Level
 Animate Skeleton         Necr           12%        N/A       9%          1
 Apportation              Tloc           12%        N/A       9%          1
 Corona                   Hex            6%         N/A       9%          1
 Summon Small Mammal      Summ           24%        N/A       9%          1
 Dazzling Flash           Conj/Hex       30%        N/A       12%         3
 Fulminant Prism          Conj/Hex       7%         3d7       38%         4
 Iskenderun's Mystic Bla  Conj/Tloc      15%        2d5       38%         4


Dungeon Overview and Level Annotations

Branches:
Dungeon (6/15)
 Temple: D:4-7

Annotations:
D:5 Pikel


Innate Abilities, Weirdness & Mutations

Your attributes grow dramatically as you level up.
You have an increased reservoir of magic. (+10% MP)
You shall have no god before yourself.


Message History

The lemure hits you but does no damage.
Unknown command.
The searing ray hits Pikel.
Pikel is heavily wounded.
The lemure barely misses you.
Unknown command.
You can't go up here!
The searing ray hits Pikel.
Pikel is severely wounded.
The searing ray hits the lemure.
The lemure is lightly wounded.
You finish channeling your searing ray.
The lemure barely misses you. Pikel barely misses you.
Unknown command.
Casting: Searing Ray (safe; 3% risk of failure)
Confirm with . or Enter, or press ? or * to list all spells.
Aiming: Searing Ray (safe; 3% risk of failure)
Press: ? - help, Shift-Dir - straight line, f/p - Pikel
Aim: Pikel, wielding a +0 whip of freezing and wearing a +0 robe (severely wounded, 72% to hit)
The searing ray hits Pikel.
Pikel is severely wounded.
The searing ray misses the lemure. (Press . to maintain the ray.)
The lemure hits you.
Pikel hits you with a +0 whip of freezing!
Pikel freezes you. The lemure closely misses you.
The searing ray hits Pikel!
Pikel is almost dead.
The searing ray hits the lemure.
The lemure is lightly wounded.
The lemure hits you.
Pikel hits you with a +0 whip of freezing!
* * * LOW HITPOINT WARNING * * *
Pikel freezes you.
* * * LOW HITPOINT WARNING * * *
The searing ray misses Pikel.
The searing ray hits the lemure.
The lemure is moderately wounded.
The lemure closely misses you.
Pikel hits you with a +0 whip of freezing!
You die...

#### .....
..... ......
###.... #...#
#@5.#
......5K5##
...........
.........$.#
.............
.#............
#............#
###..........#


You could see Pikel and 3 lemures.

Vanquished Creatures
  A necrophage (D:6)
  A scorpion (D:2)
  A hound (D:3)
  4 adders
  A white imp (D:3)
  A worm (D:3)
  4 dart slugs
  An orc (D:6)
  4 endoplasms
  3 giant cockroaches
  5 goblins
  A hobgoblin (D:1)
  8 jackals
  5 kobolds
  6 quokkas
  5 ball pythons
  A bat (D:2)
  2 frilled lizards
  3 rats
57 creatures vanquished.

Notes
Turn   | Place    | Note
-------+----------+-------------------------------------------
     0 | D:1      | McKennaii the Demigod Conjurer began the quest for the Orb.
     0 | D:1      | Reached XP level 1. HP: 14/14 MP: 5/5
   217 | D:1      | Reached skill level 2 in Spellcasting
   620 | D:1      | Reached XP level 2. HP: 20/20 MP: 5/8
   623 | D:1      | Learned a level 2 spell: Searing Ray
  1212 | D:2      | Reached skill level 3 in Spellcasting
  1274 | D:2      | Noticed a scorpion
  1280 | D:2      | Killed a scorpion
  1281 | D:2      | Reached XP level 3. HP: 26/26 MP: 1/11
  1281 | D:2      | Reached XP level 4. HP: 33/33 MP: 1/12
  1441 | D:2      | Reached skill level 4 in Spellcasting
  2192 | D:3      | Reached XP level 5. HP: 31/38 MP: 6/15
  2976 | D:4      | You fall into a shaft and drop 2 floors!
  2978 | D:6      | Noticed a necrophage
  2989 | D:6      | Killed a necrophage
  2990 | D:6      | Reached skill level 5 in Spellcasting
  3141 | D:5      | Entered Level 5 of the Dungeon
  3141 | D:5      | Noticed Pikel
  3152 | D:5      | Slain by Pikel

Illustrated notes

Levels and vault maps discovered:
D:1:      ncdulo_watergridlock, layout_basic,
          dreamdust_ecumenical_altar_hidden_monk_grotto
D:2:      layout_loops_ring, minmay_quadrilaterals
D:3:      layout_rooms, mainiacjoe_overflow_swirl
D:4:      layout_layer_cave, mainiacjoe_overflow_alcove_1, amethyst_killhole,
          uniq_eustachio
D:5:      layout_cave_pools, mainiacjoe_overflow_six_doors_small,
          gup_sewer_entry_glass, lightli_minifort, uniq_pikel
D:6:      layout_cave_pools, serial_column_ruins, column_ruins_open_small,
          column_ruins_columns_water, column_ruins_open_tiny_water,
          column_ruins_corridor_straight, column_ruins_open_small,
          column_ruins_columns_straight, minmay_bent

Skill      XL: |  1  2  3  4  5 |
---------------+----------------+-----
Spellcasting   | 2 3 4 5 |  5.4
Dodging        | |  1.7
Stealth        | |  1.7
Conjurations   | |  3.6

Action                   |  1- 3 |  4- 6 || total
-------------------------+-------+-------++-------
 Cast: Magic Dart        |    43 |    87 ||   130
       Searing Ray       |     1 |     7 ||     8
Armor: Robe              |       |     4 ||     4
Dodge: Dodged            |     4 |    10 ||    14
